 Dungeon Crawl Stone Soup version 0.31.0-11-ge490571c62 (webtiles) character file.

Game seed: 11680767080010912084

44 Strat the Sneak (level 3, 0/29 HPs)
             Began as an Armataur Enchanter on Feb 4, 2024.
             Slain by a ribbon worm (7 damage)
             ... on level 2 of the Dungeon.
             The game lasted 00:03:07 (1461 turns).

Strat the Sneak (Armataur Enchanter)                Turns: 1461, Time: 00:03:07

Health: 0/29       AC:  5    Str: 15    XL:     3   Next: 39%
Magic:  5/5        EV:  8    Int: 15    God:
Gold:   32         SH:  0    Dex: 10    Spells: 5/5 levels left

rFire   . . .        a - +1 dagger
rCold   . . .        (no shield)
rNeg    . . .        d - +0 ring mail
rPois   .            (no helmet)
rElec   .            (no cloak)
rCorr   .            (no gloves)
SInv    .            (no barding)
Will    .....        (no amulet)
Stlth   +            (no ring)
HPRegen 0.24/turn    (no ring)
MPRegen 0.09/turn

%: roll
@: no status effects
A: large, deformed body, tough skin 3, armoured tail, roll 1
a: no special abilities


You were on level 2 of the Dungeon.
You visited 1 branch of the dungeon, and saw 2 of its levels.

You collected 32 gold pieces.

Inventory:

Hand Weapons
 a - a +1 dagger (weapon)
 b - a +0 sling
Missiles
 o - 3 darts of dispersal
Armour
 d - a +0 ring mail (worn)
 f - a +0 robe
Scrolls
 e - 2 scrolls of noise {unknown}
 h - a scroll of butterflies {unknown}
 i - a scroll of teleportation {unknown}
 j - a scroll of acquirement {unknown}
 k - a scroll of enchant weapon {unknown}
 l - a scroll of identify {unknown}
 n - 3 scrolls of blinking {unknown}
Potions
 c - 2 potions of invisibility
 g - 2 potions of curing {unknown}
 m - 2 potions of lignification {unknown}


   Skills:
 + Level 1.8 Fighting
 - Level 1.3 Short Blades
 + Level 2.0 Armour
 - Level 1.3 Dodging
 - Level 3.2 Stealth
 - Level 1.7 Spellcasting
 - Level 2.6 Hexes


You had 5 spell levels left.
You didn't know any spells.
Your spell library contained the following spells:

 Spells                   Type           Power      Damage    Failure   Level
 Ensorcelled Hibernation  Hex/Ice        10%        N/A       36%         2
 Confusing Touch          Hex            9%         N/A       41%         3
 Tukima's Dance           Hex            9%         N/A       41%         3
 Dazzling Flash           Conj/Hex       10%        N/A       58%         3
 Cause Fear               Hex            4%         N/A       82%         4
 Anguish                  Hex/Necr       2%         N/A       94%         4
 Enfeeble                 Hex            4%         N/A       100%        7


Dungeon Overview and Level Annotations

Branches:
Dungeon (2/15)

Altars:


Innate Abilities, Weirdness & Mutations

Armour fits poorly on your strangely shaped body.
You have extremely tough skin. (AC +3)
You have a long armoured tail.
You regenerate magic when rolling toward enemies. (Rampage MPRegen)


Message History

The quokka is lightly wounded.
The quokka barely misses you.
You hit the quokka.
The quokka is heavily wounded.
The quokka bites you.
* * * LOW HITPOINT WARNING * * *
You hit the quokka but do no damage.
The quokka is heavily wounded.
The quokka barely misses you.
You closely miss the quokka.
Your tail-slap misses the quokka.
The quokka is heavily wounded.
The quokka closely misses you.
You closely miss the quokka.
The quokka is heavily wounded.
The quokka barely misses you. The quokka misses you.
You hit the quokka.
You kill the quokka!
You roll towards the ribbon worm!
You hit the ribbon worm. You tail-slap the ribbon worm!
The ribbon worm is severely wounded.
The ribbon worm bites you.
* * * LOW HITPOINT WARNING * * *
You hit the ribbon worm.
The ribbon worm is severely wounded.
The ribbon worm expels a string of sticky webbing.
The stream of webbing hits you but does no damage.
You are caught in a web!
You struggle to detach yourself from the web.
The ribbon worm bites you but does no damage.
The web tears apart.
The ribbon worm barely misses you.
You hit the ribbon worm.
The ribbon worm is severely wounded.
You hit the ribbon worm.
The ribbon worm is severely wounded.
The ribbon worm bites you.
* * * LOW HITPOINT WARNING * * *
You hit the ribbon worm but do no damage.
The ribbon worm is severely wounded.
The ribbon worm bites you!
You die...

##.....#+###.##........#....#
#.....#.###.##........#....#
+.....'.....##.[......#.....
#.....##.#####........#.....
#.....<...).................
........##..###...[.....#.....
........###...#.........#.....
.........#
###.#.........#.....
.....##### #@#.........#.....
#### #w....# ###### ####..#
#.[# #..# #..# ##.# .+ .#


You could see a ribbon worm.

Vanquished Creatures
  A dart slug (D:1)
  5 bats (D:1)
  4 endoplasms
  7 goblins
  2 hobgoblins (D:1)
  4 jackals (D:1)
  2 quokkas
  3 ball pythons (D:1)
  A frilled lizard (D:1)
  2 kobolds (D:1)
  6 rats
37 creatures vanquished.

Notes
Turn   | Place    | Note
-------+----------+-------------------------------------------
     0 | D:1      | Strat the Armataur Enchanter began the quest for the Orb.
     0 | D:1      | Reached XP level 1. HP: 14/14 MP: 3/3
    97 | D:1      | Reached skill level 1 in Short Blades
   293 | D:1      | Reached skill level 1 in Fighting
   293 | D:1      | Reached XP level 2. HP: 23/23 MP: 4/4
   519 | D:1      | Reached skill level 1 in Armour
   747 | D:1      | Reached XP level 3. HP: 28/28 MP: 5/5
  1461 | D:2      | Slain by a ribbon worm

Illustrated notes

Levels and vault maps discovered:
D:1:      matt_arrival_refuge, layout_loops_corners
D:2:      layout_basic

Skill      XL: |  1  2  3 |
---------------+----------+-----
Short Blades   | 1 |  1.3
Fighting       | 1 |  1.8
Armour         | 1 2 |  2.0
Dodging        | |  1.3
Stealth        | |  3.2
Spellcasting   | |  1.7
Hexes          | |  2.6

Action                     || total
---------------------------++-------
  Melee: Dagger            ||    75
         Tailslap          ||     6
   Fire: Sling             ||    83
   Stab: Sleeping          ||     1
 Armour: Ring mail         ||   113
  Dodge: Dodged            ||    55
